 Dungeon Crawl Stone Soup version 0.20-a0-270-g8e735b6 (webtiles) character file.

537 junb69 the Cudgeler (level 6, 0/52 HPs)
             Began as a Demigod Fighter on Dec 10, 2016.
             Slain by junb69's ghost (1 damage)
             ... on level 4 of the Dungeon.
             The game lasted 00:09:16 (4550 turns).

junb69 the Cudgeler (Demigod Fighter)               Turns: 4550, Time: 00:09:17

Health: 0/52       AC:  9    Str: 19    XL:     6   Next: 75%
Magic:  8/8        EV:  9    Int: 12    God:
Gold:   149        SH:  0    Dex: 19    Spells: 5/5 levels left

rFire  . . .     SeeInvis .     w - +0 dagger (elec)
rCold  . . .     Gourm    +     b - +0 scale mail
rNeg   . . .     Faith    .     (no shield)
rPois  .         Spirit   .     (no helmet)
rElec  .         Reflect  .     (no cloak)
rCorr  .         Harm     .     (no gloves)
MR     .....                    (no boots)
Stlth  ..........               m - amulet of the gourmand
                                (no ring)
                                i - +3 ring of protection

@: very slightly contaminated, hasted, very quick
A: high mp 1
a: no special abilities


You were on level 4 of the Dungeon.
You were completely stuffed.

You visited 1 branch of the dungeon, and saw 4 of its levels.

You collected 149 gold pieces.

Inventory:

Hand Weapons
 o - a +1 morningstar
 w - a +0 dagger of electrocution (weapon)
Missiles
 t - 7 javelins (quivered)
Armour
 b - a +0 scale mail (worn)
 c - a +0 shield
Jewellery
 i - a +3 ring of protection (left hand)
 m - an amulet of the gourmand (around neck)
Wands
 g - a wand of enslavement (16/24)
Scrolls
 j - a scroll of enchant armour
 l - 3 scrolls of remove curse
 p - 3 scrolls of teleportation
Potions
 d - a potion of might
 e - 2 potions of flight
 h - a potion of curing {unknown}
 k - 2 potions of haste
 n - a potion of magic {unknown}
 v - a potion of resistance {unknown}
Comestibles
 f - 2 bread rations
 s - 2 meat rations
 u - 4 fruits


   Skills:
 * Level 4.2 Fighting
 * Level 6.2 Maces & Flails
 - Level 2.6 Armour
 - Level 2.6 Shields


You had 5 spell levels left.
You didn't know any spells.

Dungeon Overview and Level Annotations

Branches:
Dungeon (4/15)
 Temple: D:4-7

Annotations:
D:4 junb69's ghost, amateur DgFi


Innate Abilities, Weirdness & Mutations

You have an increased reservoir of magic. (+10% MP)


Message History

Junb69's ghost is almost destroyed.
Junb69's ghost shrieks, "You will join me soon!"
Junb69's ghost hits you.
* * * LOW HITPOINT WARNING * * *
Junb69's ghost shrieks, "What do you have that I didn't have?"
You hit junb69's ghost but do no damage.
Junb69's ghost is almost destroyed.
Junb69's ghost hits you!
* * * LOW HITPOINT WARNING * * *
Okay, then.
Junb69's ghost stares at you.
Okay, then.
Okay, then.
You feel yourself speed up. Junb69's ghost hits you.
* * * LOW HITPOINT WARNING * * *
You are very lightly contaminated with residual magic.
You hit junb69's ghost but do no damage.
Junb69's ghost is almost destroyed.
Junb69's ghost hits you.
You die...

#......................#.#
#.#####.#####..........#.# ## #.#
#)........###.##.#.#######. #.#
######....#....#.#.........
#.##########....#.#..#.#.........
#...............#....#.#.........
############....#....#.#.........
................#....#.#.........
[####...........@W...............
.# #.....##...........#.########
.####.....##############.........
............# ##########
####......#.######### #.........
#......#...#.....# #.#.......
#......###.#.....####.#.......
#......# #.#......รท..(#.......
#.###### #.#.....##...........


You could see junb69's ghost.

Vanquished Creatures
  2 hounds (D:4)
  An orc priest (D:4)
  5 worker ants (D:4)
  4 orc wizards
  3 gnolls (D:4)
  4 adders
  3 oozes
  4 worms
  A dart slug (D:1)
  A leopard gecko (D:2)
  17 orcs
  2 ball pythons (D:3)
  A bat zombie (D:1)
  5 giant cockroaches
  6 goblins
  10 hobgoblins
  18 jackals
  9 kobolds
  2 quokkas
  6 bats
  A frilled lizard (D:2)
  A jackal skeleton (D:4)
  2 leopard gecko skeletons (D:4)
  A quokka zombie (D:1)
  7 rats
116 creatures vanquished.

Vanquished Creatures (others)
  A quokka (D:4)
1 creature vanquished.

Grand Total: 117 creatures vanquished

Notes
Turn   | Place    | Note
-------+----------+-------------------------------------------
     0 | D:1      | junb69 the Demigod Fighter began the quest for the Orb.
     0 | D:1      | Reached XP level 1. HP: 18/18 MP: 3/3
    45 | D:1      | Reached skill level 2 in Maces & Flails
   267 | D:1      | Reached XP level 2. HP: 20/25 MP: 4/4
   545 | D:1      | Reached skill level 3 in Maces & Flails
   902 | D:1      | Reached XP level 3. HP: 30/30 MP: 5/5
  1851 | D:2      | Reached skill level 4 in Maces & Flails
  2093 | D:2      | Reached XP level 4. HP: 36/37 MP: 6/6
  2339 | D:3      | Found a sacrificial altar of Ru.
  2380 | D:3      | Found a glowing silver altar of Zin.
  2620 | D:3      | Reached skill level 5 in Maces & Flails
  2620 | D:3      | Reached XP level 5. HP: 19/42 MP: 7/7
  3491 | D:4      | Noticed junb69's ghost (amateur DgFi)
  3664 | D:4      | Reached XP level 6. HP: 49/51 MP: 8/8
  3953 | D:4      | Reached skill level 6 in Maces & Flails
  4111 | D:4      | Found a white marble altar of Elyvilon.
  4169 | D:4      | HP: 2/52 [orc/dagger of electrocution (19)]
  4545 | D:4      | HP: 2/52 [junb69's ghost (9)]
  4550 | D:4      | Slain by junb69's ghost

Vault maps used:
D:1:      saegor_arrival_fortress
D:2:      hex_large
D:3:      nicolae_overflow_crystal_walls, first_bread,
          nicolae_ru_sacrificial_ziggurat
D:4:      elyvilon_altar_4, fedhas_altar_4

Skill      XL: |  1  2  3  4  5  6 |
---------------+-------------------+-----
Maces & Flails | 2 3 4 5 6 |  6.2
Fighting       | 3 4 |  4.2
Armour         | |  2.6
Shields        | |  2.6

Action                   |  1- 3 |  4- 6 || total
-------------------------+-------+-------++-------
Melee: Flail             |   159 |   107 ||   266
       Morningstar       |       |   149 ||   149
       Dagger            |       |    17 ||    17
 Fire: Hunting sling     |     3 |       ||     3
Evoke: Wand              |       |     3 ||     3
  Use: Scroll            |       |    10 ||    10
       Potion            |       |     1 ||     1
  Eat: Chunk             |    17 |     8 ||    25
Armor: Scale mail        |   115 |   134 ||   249
Dodge: Dodged            |   101 |   126 ||   227
